 Dungeon Crawl Stone Soup version 0.32-a0-705-g60f233581c (webtiles) character file.

Game seed: 17525773629105764573

1333 jasper the Digger (level 8, -1/60 HPs)
             Began as a Coglin Earth Elementalist on Mar 14, 2024.
             Slain by a gnoll
             ... wielding a +0 spear
             ... led by a gnoll bouda
              (8 damage)
             ... on level 6 of the Dungeon.
             The game lasted 00:08:38 (5923 turns).

jasper the Digger (Coglin Earth Elementalist)       Turns: 5923, Time: 00:08:39

Health: -1/60      AC:  5    Str:  9    XL:     8   Next: 61%
Magic:  1/14       EV: 11    Int: 16    God:
Gold:   250        SH:  0    Dex: 15    Spells: 4/15 levels left

rFire   . . .        b - +0 trident {Shi}
rCold   . . .        w - staff of conjuration {Solveig}
rNeg    . . .        a - +0 robe
rPois   .            (no helmet)
rElec   .            (no cloak)
rCorr   +            d - +2 pair of gloves of Infinity {rCorr}
SInv    .            (no boots)
Will    .....        (amulet unavailable)
Stlth   ++           (ring unavailable)
HPRegen 0.30/turn    (ring unavailable)
MPRegen 0.14/turn    (no gizmo)

%: no passive effects
@: about to teleport, revving
A: off-hand wielding, slow wielding, warmup strikes, no jewellery
a: Invent Gizmo


You were on level 6 of the Dungeon.
You visited 2 branches of the dungeon, and saw 7 of its levels.

You collected 250 gold pieces.

Inventory:

Hand Weapons
 b - a +0 trident (weapon) {Shi}
Missiles
 l - 33 stones
 y - 2 curare-tipped darts
Armour
 a - a +0 robe (worn)
 d - the +2 pair of gloves of Infinity (worn) {rCorr}
   (You found it on level 2 of the Dungeon)

   rCorr:     It protects you from acid and corrosion.
 h - a +0 pair of gloves
 m - a +1 leather armour of willpower
 t - a +2 ring mail of poison resistance
Magical Staves
 f - a staff of air {Kanchana}
 g - a staff of cold
 w - a staff of conjuration (offhand) {Solveig}
Wands
 p - a wand of flame (13)
 q - a wand of iceblast (7)
 r - a wand of paralysis (13)
Scrolls
 c - 2 scrolls of teleportation
 e - a scroll of vulnerability
 j - a scroll of silence
 s - a scroll of identify
 u - a scroll of immolation {unknown}
 x - 2 scrolls of noise
Potions
 i - a potion of enlightenment
 k - a potion of attraction
 o - a potion of mutation
 z - a potion of brilliance {unknown}


   Skills:
 + Level 4.2 Fighting
 - Level 1.7 Dodging
 - Level 1.5 Stealth
 + Level 4.1 Spellcasting
 - Level 0.8 Conjurations
 * Level 7.8 Earth Magic


You had 4 spell levels left.
You knew the following spells:

 Your Spells              Type           Power      Damage    Failure   Level
a - Sandblast             Erth           56%        2d13      1%          1
b - Passwall              Erth           28%        N/A       1%          3
c - Stone Arrow           Conj/Erth      50%        3d10      9%          3
d - Blink                 Tloc           6%         N/A       26%         2
e - Sublimation of Blood  Necr           3%         N/A       26%         2

Your spell library contained the following spells:

 Spells                   Type           Power      Damage    Failure   Level
 Magic Dart               Conj           36%        1d4       12%         1
 Necrotise                Necr           12%        1d4       17%         1
 Call Imp                 Summ           6%         N/A       26%         2
 Brom's Barrelling Bould  Conj/Erth      25%        2d5       28%         4
 Petrify                  Alch/Erth      15%        N/A       32%         4
 Vampiric Draining        Necr           3%         2d6       45%         3
 Martyr's Knell           Necr/Summ      3%         N/A       86%         4
 Irradiate                Conj/Alch      3%         3d12      98%         5
 Curse of Agony           Necr           3%         N/A       99%         5


Dungeon Overview and Level Annotations

Branches:
Dungeon (6/15)             Temple (1/1) D:4

Altars:
Gozag
Hepliaklqana
Makhleb
Nemelex Xobeh
Okawaru
Qazlal
Ru
Sif Muna
Trog
Uskayaw
Vehumet
Wu Jian
Xom
Yredelemnul
Zin
The Shining One


Innate Abilities, Weirdness & Mutations

You can wield a second weapon in your off-hand.
It takes a long time for you to wield or remove held weapons.
Your first few attacks do less damage.
You cannot equip rings or amulets.


Message History

The gnoll bouda misses you.
You now have 1/14 mp.
Casting: Sandblast (safe; 1% risk of failure)
Confirm with . or Enter, or press ? or * to list all spells.
Aiming: Sandblast (safe; 1% risk of failure)
Press: ? - help, Shift-Dir - straight line, f/p - gnoll
Aim: a gnoll, wielding a +0 halberd (heavily wounded, covering ground quickly, 85% to hit)
The blast of sand hits the gnoll!
You kill the gnoll!
A gnoll comes into view. It is wielding a +0 spear.
The gnoll barely misses you.
The gnoll bouda hits you with a +0 club.
* * * LOW HITPOINT WARNING * * *
You take 5 damage, and have 13/60 hp.
You now have 0/14 mp.
You feel better.
The gnoll hits you from afar with a +0 spear.
The gnoll bouda hits you but does no damage.
You regained 7 hp, and now have 20/60 hp.
Okay, then.
Unknown command.
You hit the gnoll bouda with your staff of conjuration.
The gnoll bouda is lightly wounded.
You barely miss the gnoll bouda with your +0 trident.
The gnoll hits you but does no damage.
The gnoll bouda hits you with a +0 club!
* * * LOW HITPOINT WARNING * * *
The gnoll closely misses you.
You take 8 damage, and have 12/60 hp.
You barely miss the gnoll bouda with your +0 trident.
The gnoll bouda is lightly wounded.
You barely miss the gnoll bouda with your staff of conjuration.
The gnoll bouda hits you but does no damage.
The gnoll misses you.
The gnoll bouda hits you with a +0 club.
* * * LOW HITPOINT WARNING * * *
You take 6 damage, and have 6/60 hp.
As you read the scroll of teleportation, it crumbles to dust.
You feel strangely unstable.
The gnoll hits you from afar with a +0 spear!
You die...

K. ..# # #. .#.###) #.#
.# #.
(.....)###.###.#### .###
#.###.F.[K.#......#...
#....)...F....<......#
#####.###K.#...##....#
#. #.##....#....#
#####)###g.#...# #...#
......)@g)...>.###...##.
####..###...............
#.... ####.#####..###.
#.# #.# #..# #. # #.#
#..# ..#####..####
##...........
#..###.###.. ♣♣ #.# #..


You could see a gnoll bouda and a gnoll (swift).

Vanquished Creatures
  A wyvern (D:5)
  Edmund (D:5)
  2 ogres
  2 black bears
  A centaur (D:6)
  A kobold brigand (D:6)
  A bullfrog (D:6)
  A scorpion (D:3)
  5 hounds
  2 sleepcaps (D:6)
  2 iguanas (D:5)
  7 gnolls
  7 adders
  4 ribbon worms
  8 orcs
  3 bats (D:2)
  5 endoplasms
  2 giant cockroaches
  4 goblins
  2 hobgoblins
  5 jackals (D:1)
  9 kobolds
  A quokka (D:2)
  7 ball pythons
  A frilled lizard (D:2)
  6 rats
90 creatures vanquished.

Notes
Turn   | Place    | Note
-------+----------+-------------------------------------------
     0 | D:1      | jasper the Coglin Earth Elementalist began the quest for
                  | the Orb.
     0 | D:1      | Reached XP level 1. HP: 13/13 MP: 3/3
    86 | D:1      | Reached skill level 3 in Earth Magic
   218 | D:1      | Reached XP level 2. HP: 16/19 MP: 0/4
   895 | D:2      | Identified the +2 pair of gloves of Infinity {rCorr}
  1024 | D:2      | Found a faded altar of an unknown god.
  1111 | D:2      | Reached XP level 3. HP: 24/24 MP: 0/5
  1118 | D:2      | Learned a level 3 spell: Passwall
  1226 | D:2      | Reached skill level 4 in Earth Magic
  2043 | D:3      | Noticed a scorpion
  2045 | D:3      | Reached XP level 4. HP: 30/30 MP: 4/6
  2048 | D:3      | Killed a scorpion
  2049 | D:3      | Reached skill level 5 in Earth Magic
  2049 | D:3      | Reached XP level 5. HP: 35/35 MP: 0/7
  2053 | D:3      | Learned a level 3 spell: Stone Arrow
  3148 | D:4      | Identified the +7 quarterstaff "Jaurr" {flame, rN+ Will+
                  | Dex+4}
  3234 | D:4      | Noticed an ogre
  3250 | D:4      | Killed an ogre
  3251 | D:4      | Reached skill level 1 in Fighting
  3251 | D:4      | Reached XP level 6. HP: 27/43 MP: 0/9
  3313 | D:4      | Learned a level 2 spell: Blink
  3421 | D:4      | Found a staircase to the Ecumenical Temple.
  3520 | Temple   | Entered the Ecumenical Temple
  3967 | D:4      | Noticed a black bear
  3974 | D:4      | Killed a black bear
  4087 | D:5      | Entered Level 5 of the Dungeon
  4198 | D:5      | Reached skill level 6 in Earth Magic
  4295 | D:5      | Reached XP level 7. HP: 50/50 MP: 7/11
  4361 | D:5      | HP: 1/50 [iguana (9)]
  4562 | D:5      | Learned a level 2 spell: Sublimation of Blood
  4719 | D:5      | Found an ornate altar of the Wu Jian Council.
  5081 | D:5      | Noticed a wyvern
  5086 | D:5      | Killed a wyvern
  5178 | D:5      | Noticed Edmund
  5189 | D:5      | HP: 1/52 [Edmund/+1 heavy flail (18)]
  5190 | D:5      | Killed Edmund
  5191 | D:5      | Reached skill level 7 in Earth Magic
  5191 | D:5      | Reached XP level 8. HP: 1/58 MP: 2/13
  5857 | D:6      | Identified the +4 scale mail of Ciff {rF+}
  5923 | D:6      | Slain by a gnoll

Illustrated notes

Levels and vault maps discovered:
D:1:      psy_arrival_whirlpool, layout_loops_ring
D:2:      layout_basic, hellmonk_ecumenical_altar_zigzags, minmay_circled_x
D:3:      layout_loops_corners, cheibrodos_sewer_entry_bend, corner_web_ring,
          due_unseen_surprise
D:4:      layout_cave_pods, minmay_temple_entry_fiery
D:5:      layout_gridville, lemuel_doored_altar, grunt_ministairs_4,
          eino_small_chamber_without_monster, uniq_edmund
D:6:      layout_loops_ring, mainiacjoe_overflow_six_doors_small
Temple:   hellmonk_temple_two_chambers

Skill      XL: |  1  2  3  4  5  6  7  8 |
---------------+-------------------------+-----
Earth Magic    | 3 4 5 6 7 |  7.8
Fighting       | 1 2 3 4 |  4.2
Spellcasting   | 2 3 4 |  4.1
Dodging        | |  1.7
Stealth        | |  1.5
Conjurations   | |  0.8

Action                     |  1- 3 |  4- 6 |  7- 9 || total
---------------------------+-------+-------+-------++-------
  Melee: Unarmed           |    14 |       |       ||    14
         Trident           |     8 |     3 |    10 ||    21
         Staff             |     6 |     3 |    10 ||    19
   Cast: Sandblast         |    51 |    39 |    89 ||   179
         Stone Arrow       |       |     3 |     4 ||     7
  Evoke: Wand              |       |       |     1 ||     1
    Use: Potion            |     2 |       |     2 ||     4
         Scroll            |     6 |       |     9 ||    15
 Armour: Robe              |    32 |    11 |    80 ||   123
  Dodge: Dodged            |    33 |    10 |    58 ||   101

Table legend: (Time is in decaauts)
 A = Elapsed time spent in this place.
 B = Non-inter-level travel time spent in this place.
 C = Inter-level travel time spent in this place.
 D = Time resting spent in this place.
 E = Time spent auto-exploring this place.
 F = Levels seen in this place.
 G = Mean time per level.
                   A        B        C        D        E       F      G
               +--------+--------+--------+--------+--------+-----+--------+
         Total |   6027 |   5837 |    190 |    345 |   4779 |   7 |  861.0 |
       Dungeon |   6025 |   5835 |    190 |    345 |   4779 |   6 | 1004.2 |
        Temple |      1 |      1 |      0 |      0 |      0 |   1 |    1.0 |
               +--------+--------+--------+--------+--------+-----+--------+

Top non-repeatable levels by time:
     D:5: 1361 daAuts
     D:2: 1199 daAuts
     D:3: 1064 daAuts
     D:4: 1027 daAuts
     D:1: 845 daAuts
     D:6: 526 daAuts
  Temple: 1 daAuts
